Map: Battle on the Boardwalk LE

Players

JagrsMullets - Winner!

  • Race: Zerg Zerg
  • Spawn Location: 11:00

A.I. 1 (Medium)

  • Race: Protoss Protoss
  • Spawn Location: 1:00

VOD

Have the link to the VOD?

Description

Time

  • Played on: Nov. 28, 2017, 1:53 a.m.
  • Length: 21:44
Show
View Real Time Build Order
Export as new Build Order

JagrsMullets Zerg - Winner!

Build Orders: Pool First, Swarm Host 

Get SALT Encoding   

  12  0:02  Drone  
  13  0:08  Drone  
  14  0:17  Overlord  
  14  0:34  Spawning Pool  
  13  0:40  Drone  
  14  0:49  Drone  
  15  1:00  Extractor  
  14  1:22  Queen  
  14  1:25  Zergling x6  
  19  1:36  Drone  
  20  1:42  Extractor  
  19  1:51  Zergling x2  
  20  1:58  Queen  
  22  2:13  Overlord x2  
  22  2:34  Pneumatized Carapace  
  22  2:47  Drone x3  
  25  3:04  Zergling x2  
  26  3:08  Metabolic Boost  
  26  3:17  Lair  
  26  3:20  Zergling x2  
  26  3:21  Zergling x2  
  28  3:37  Evolution Chamber  
  28  3:39  Drone x2  
  28  4:12  Zergling x8  
  28  4:13  Zergling x2  
  27  4:28  Hydralisk Den  
  26  5:05  Hatchery  
  25  5:12  Muscular Augments  
  25  5:40  Hydralisk  
  25  5:41  Hydralisk x4  
  35  5:46  Overlord  
  35  5:50  Zerg Melee Weapons Level 1  
  35  5:59  Drone  
  36  6:31  Drone  
  36  6:32  Drone  
  38  6:34  Drone x3  
  38  6:35  Drone  
  42  6:45  Drone x3  
  40  7:31  Zergling x6  
  40  7:33  Hydralisk  
  40  7:34  Hydralisk x3  
  40  7:36  Overlord  
  40  7:37  Overlord  
  51  7:42  Drone  
  52  7:44  Zerg Missile Weapons Level 1  
  52  7:57  Spire  
  51  7:58  Drone  
  51  7:59  Drone  
  51  8:01  Drone x2  
  55  8:24  Hydralisk x2  
  59  8:35  Spore Crawler  
  58  8:46  Drone x3  
  58  8:47  Spine Crawler, Drone x2  
  62  9:09  Extractor  
  61  9:12  Drone x2  
  61  9:14  Extractor  
  62  9:31  Spine Crawler  
  62  9:37  Spine Crawler  
  60  9:38  Zerg Ground Armor Level 1  
  60  9:41  Mutalisk x2  
  60  9:42  Mutalisk  
  66  10:02  Zerg Flyer Weapons Level 1  
  66  10:20  Drone x2  
  68  10:22  Overlord x4  
  68  10:40  Mutalisk x3  
  74  11:10  Hatchery  
  73  11:32  Zerg Melee Weapons Level 2  
  73  11:47  Drone  
  73  11:48  Drone x2  
  75  11:56  Zerg Flyer Armor Level 1  
  71  12:19  Drone x2  
  73  12:46  Drone x3  
  76  12:54  Extractor  
  76  12:56  Hydralisk x2  
  76  12:57  Hydralisk  
  81  12:58  Extractor  
  81  13:02  Mutalisk x4  
  81  13:03  Mutalisk x2  
  92  13:19  Zergling x8  
  96  13:23  Zergling x2  
  96  13:24  Zergling x2  
  98  13:34  Hydralisk x2  
  102  13:43  Corruptor x2  
  102  13:48  Zerg Missile Weapons Level 2  
  106  13:58  Infestation Pit  
  105  14:03  Overlord x2  
  105  14:07  Overlord x3  
  105  14:08  Overlord x3  
  105  14:09  Overlord  
  105  14:39  Swarm Host x4  
  105  14:40  Swarm Host  
  120  14:46  Infestor  
  120  14:47  Infestor x2  
  126  15:10  Mutalisk x3  
  126  15:13  Mutalisk x2  
  126  15:14  Mutalisk  
  134  15:18  Hydralisk x2  
  142  15:50  Mutalisk x3  
  142  15:55  Hydralisk x3  
  154  15:58  Hydralisk x3  
  154  16:03  Zerg Ground Armor Level 2  
  151  16:46  Overlord  
  151  16:47  Overlord x2  
  151  17:03  Mutalisk x2  
  151  17:04  Mutalisk  
  151  17:07  Zergling x6  
  160  17:17  Hydralisk x2  
  164  17:29  Mutalisk x2  
  166  17:36  Drone x2  
  170  17:41  Drone  
  171  17:44  Drone  
  171  17:45  Drone x2  
Show
View Real Time Build Order
Export as new Build Order

A.I. 1 (Medium) Protoss 

Build Orders:  

Get SALT Encoding   

  12  0:00  Probe  
  13  0:13  Probe  
  14  0:19  Pylon  
  14  0:25  Probe  
  15  0:37  Probe  
  15  0:39  Gateway  
  16  0:48  Assimilator  
  16  0:49  Probe  
  17  1:01  Probe  
  17  1:02  Pylon  
  18  1:29  Cybernetics Core  
  18  1:32  Gateway  
  18  1:34  Assimilator  
  18  1:47  Zealot  
  20  2:07  Pylon  
  20  2:14  Adept  
  22  2:16  Warp Gate  
  22  2:27  Adept  
  24  2:46  Zealot  
  26  2:52  Pylon  
  26  3:05  Adept  
  28  3:12  Probe  
  29  3:23  Adept  
  29  3:24  Probe  
  32  3:33  Pylon  
  32  3:36  Probe  
  33  3:42  Stalker  
  33  3:48  Forge, Probe  
  36  4:00  Adept, Probe  
  39  4:12  Probe  
  40  4:19  Adept  
  42  4:38  Adept  
  44  5:25  Probe  
  44  6:43  Stalker, Probe  
  44  6:45  Pylon  
  44  6:47  Photon Cannon  
  47  6:49  Photon Cannon, Nexus  
  47  6:52  Robotics Facility  
  47  6:56  Stargate  
  47  6:57  Stalker  
  47  6:59  Twilight Council  
  49  7:07  Pylon  
  49  7:12  Stalker  
  37  7:26  Stalker  
  33  7:40  Stalker, Observer  
  36  7:55  Sentry  
  38  8:01  Observer  
  38  8:02  Probe  
  38  8:05  Probe  
  41  8:09  Stalker  
  41  8:11  Assimilator  
  43  8:14  Assimilator, Probe  
  43  8:17  Probe  
  45  8:23  Zealot  
  45  8:26  Probe  
  48  8:29  Probe  
  49  8:38  Zealot, Probe  
  49  8:41  Probe  
  53  8:50  Probe  
  53  8:52  Adept  
  53  8:53  Probe  
  57  9:02  Probe  
  58  9:05  Probe  
  58  9:06  Adept  
  61  9:14  Probe  
  62  9:17  Probe  
  63  9:26  Probe  
  63  9:29  Probe  
  65  9:38  Probe  
  65  9:40  Observer  
  65  9:41  Probe  
  67  9:51  Probe  
  68  9:53  Probe  
  69  10:03  Probe  
  70  11:31  Immortal, Protoss Ground Weapons Level 1  
  74  11:37  Dark Shrine  
  74  11:39  Nexus, Pylon  
  74  11:40  Phoenix  
  76  11:51  Sentry  
  62  12:02  Pylon  
  62  12:04  Fleet Beacon  
  62  12:05  Phoenix  
  62  12:06  Forge  
  62  12:08  Robotics Bay  
  58  12:09  Warp Prism  
  58  12:11  Gateway, Stalker  
  58  12:14  Robotics Facility  
  62  12:21  Zealot  
  64  12:26  Stargate  
  64  12:30  Templar Archives  
  64  12:34  Zealot  
  66  12:39  Protoss Ground Armor Level 1  
  66  12:44  Stalker  
  68  12:46  Observer  
  69  12:53  Probe  
  69  12:54  Adept  
  69  12:56  Probe  
  69  12:57  Observer Gravitic Boosters, Assimilator  
  73  12:58  Probe  
  73  13:00  Warp Prism  
  73  13:05  Probe  
  77  13:07  Immortal, Pylon  
  77  13:08  Probe  
  77  13:09  Pylon  
  77  13:10  Assimilator, Probe  
  83  13:13  Gateway  
  83  13:14  Stalker  
  83  13:17  Probe  
  86  13:20  Probe  
  86  13:24  Stalker  
  89  13:31  Photon Cannon  
  89  13:33  Photon Cannon  
  89  13:34  Adept  
  91  13:44  Sentry  
  93  13:54  Gravitic Drive  
  93  15:51  Protoss Ground Armor Level 2, Adept, Protoss Ground Weapons Level 2  
  93  15:52  Protoss Air Weapons Level 1  
  93  15:55  Zealot  
  97  16:00  Adept  
  99  16:04  Adept, Nexus  
  99  16:08  Void Ray  
  105  16:13  Sentry  
  105  16:17  Zealot  
  91  16:21  Zealot  
  79  16:26  Sentry  
  79  16:31  Immortal  
  85  16:36  Stalker  
  85  16:39  Observer  
  87  16:40  Stalker  
  87  16:44  Adept  
  91  16:49  Adept  
  93  16:59  Stalker  
  95  17:03  Adept  
  95  17:07  Stalker  
  99  17:24  Assimilator  
  99  17:32  Pylon  
  99  17:33  Pylon  
  99  17:34  Assimilator  
  99  17:55  Photon Cannon  
  99  18:25  Observer  
  99  18:26  Sentry  
  99  18:31  Stalker  
  89  18:35  Stalker  
  89  18:40  Sentry  
  82  18:42  Probe  
  82  18:45  Probe  
  82  18:48  Probe  
  61  18:49  Adept  
  61  18:51  Probe  
  61  18:53  Warp Prism  
  61  18:54  Sentry, Probe  
  55  18:57  Probe  
  55  18:58  Sentry  
  55  19:00  Probe  
  56  19:02  Stalker  
  56  19:05  Probe  
  56  19:06  Probe  
  56  19:07  Pylon  
  56  19:09  Probe  
  57  19:12  Probe  
  58  19:17  Pylon  
  58  19:18  Probe  
  58  19:20  Probe  
  58  19:21  Stalker, Probe  
  63  19:24  Probe  
  63  19:28  Warp Prism  
  63  19:30  Probe  
  62  19:32  Gateway  
  62  19:33  Probe  
  62  19:35  Pylon  
  62  19:36  Probe  
  62  19:37  Pylon  
  63  19:39  Pylon, Probe  
  63  19:42  Probe  
  61  19:45  Probe  
  61  19:48  Probe  
  61  19:49  Pylon  
  61  19:51  Probe  
  48  20:00  Probe  
  48  20:01  Photon Cannon  
  48  20:03  Probe  
  49  20:15  Probe x2  
  42  20:27  Probe x2  
  40  20:30  Zealot  
  38  20:39  Probe x2  
  38  20:50  Zealot  
  38  20:51  Probe x2  
  37  21:04  Pylon, Probe  
  27  21:16  Probe  
Tags
 
Add a new tag
Caveats
  • Supply blocks, unpowered buildings, or Contaminate may cause inaccurate times.
  • Supply counts are checked every 10 seconds.